 Dungeon Crawl Stone Soup version 0.28.0 (webtiles) character file.

Game seed: 3475979197895719034

3535 pkoi the Frost Mage (level 9, -2/93 HPs)
             Began as a Pale Draconian Ice Elementalist on Feb 16, 2022.
             Was a Follower of Sif Muna.
             Slain by Harold (18 damage)
             ... on level 8 of the Dungeon.
             The game lasted 00:16:41 (10612 turns).

pkoi the Frost Mage (DrIE)                         Turns: 10612, Time: 00:16:41

Health: -2/93      AC: 15    Str: 11    XL:     9   Next: 82%
Magic:  7/13       EV: 12    Int: 19    God:    Sif Muna [*.....]
Gold:   135        SH:  0    Dex: 12    Spells: 2/14 levels left

rFire   . . .      SeeInvis .   h - +3 short sword (venom)
rCold   + . .      Faith    .   (no shield)
rNeg    . . .      Spirit   .   (armour unavailable)
rPois   +          Reflect  .   (helmet restricted)
rElec   .          Harm     .   r - scarf {shadows}
rCorr   .          Rampage  .   (no gloves)
Will    .....                   (no boots)
Stlth   ..........              (no amulet)
HPRegen 0.25/turn               c - ring of poison resistance
MPRegen 0.13/turn               n - ring of protection from cold

@: berserking, ice-armoured, freezing walls, very quick
A: breathe steam, AC +7, unfitting armour, cold-blooded, steam resistance
a: Breathe Steam, Renounce Religion, Channel Magic


You were on level 8 of the Dungeon.
You worshipped Sif Muna.
Sif Muna was aware of your devotion.
You visited 2 branches of the dungeon, and saw 9 of its levels.

You collected 377 gold pieces.
You spent 242 gold pieces at shops.

Inventory:

Hand Weapons
 a - a +0 club
 h - a +3 short sword of venom (weapon)
Armour
 m - a +0 cloak
 r - a scarf of shadows (worn)
Jewellery
 b - a ring of protection from cold
 c - a ring of poison resistance (left hand)
 d - a ring of resist corrosion
 n - a ring of protection from cold (right hand)
Wands
 f - a wand of charming (10)
 j - a wand of iceblast (12)
Scrolls
 e - a scroll of enchant armour
 p - 2 scrolls of blinking
 q - a scroll of teleportation
 s - a scroll of holy word {unknown}
Potions
 i - a potion of flight {unknown}
 k - 2 potions of invisibility
 l - 2 potions of curing
 o - 2 potions of might
 t - a potion of lignification {unknown}


   Skills:
 - Level 1.7 Dodging
 - Level 1.7 Stealth
 - Level 3.0 Spellcasting
 + Level 5.8 Conjurations
 - Level 5.0 Translocations
 + Level 10.7 Ice Magic
 + Level 5.9 Invocations


You had 2 spell levels left.
You knew the following spells:

 Your Spells              Type           Power      Damage    Failure   Level
a - Ozocubu's Armour      Ice            43%        N/A       1%          3
b - Frozen Ramparts       Ice            86%        1d10      1%          3
c - Blink                 Tloc           42%        N/A       3%          2
d - Hailstorm             Conj/Ice       34%        3d9       4%          4

Your spell library contained the following spells:

 Spells                   Type           Power      Damage    Failure   Level
 Freeze                   Ice            100%       1d11      1%          1
 Lesser Beckoning         Tloc           21%        N/A       6%          3
 Manifold Assault         Tloc           21%        N/A       47%         5


Dungeon Overview and Level Annotations

Branches:
Dungeon (8/15)             Temple (1/1) D:5
   Lair: D:8-11

Altars:
Cheibriados
Dithmenos
Elyvilon
Fedhas
Hepliaklqana
Kikubaaqudgha
Makhleb
Nemelex Xobeh
Okawaru
Qazlal
Ru
Sif Muna
Trog
Uskayaw
Vehumet
Wu Jian
Xom
Yredelemnul
Zin
The Shining One

Shops:
D:7 ?(*(?

Annotations:
D:8 Harold, Prince Ribbit


Innate Abilities, Weirdness & Mutations

You can breathe blasts of scalding, opaque steam.
Your pale cyan-grey scales are hard. (AC +7)
You cannot fit into any form of body armour.
You are cold-blooded and may be slowed by cold attacks.
You are immune to the effects of steam.


Message History

Harold fires a harpoon shot at you. The harpoon shot hits you!
You are yanked forward by the harpoon shot.
Prince Ribbit comes into view.
Casting: Frozen Ramparts (safe; 1% risk of failure)
Confirm with . or Enter, or press ? or * to list all spells.
A film of ice covers your body! Harold hits you with a +0 war axe!
* * * LOW HITPOINT WARNING * * *
Casting: Ozocubu's Armour (safe; 1% risk of failure)
Confirm with . or Enter, or press ? or * to list all spells.
Casting: Frozen Ramparts (safe; 1% risk of failure)
Press: ? - help, Dir - look around, f - activate The walls around you are covered in ice.
The wall freezes Prince Ribbit.
The wall freezes Harold.
Harold closely misses you.
You closely miss Harold.
Harold is lightly wounded.
The wall freezes Prince Ribbit!
Prince Ribbit seems to slow down.
The wall freezes Harold.
Harold hits you with a +0 war axe!
* * * LOW HITPOINT WARNING * * *
The wall freezes Prince Ribbit.
Prince Ribbit hits you.
* * * LOW HITPOINT WARNING * * *
You hit Harold but do no damage.
Harold is poisoned.
Harold is lightly wounded.
The wall freezes Harold!
Harold hits you with a +0 war axe.
* * * LOW HITPOINT WARNING * * *
The wall freezes Prince Ribbit.
Prince Ribbit seems to slow down.
Prince Ribbit hits you but does no damage.
Unknown command.
You hit Harold but do no damage.
Harold looks even sicker.
Harold is moderately wounded.
The wall freezes Harold.
Harold hits you with a +0 war axe!
* * * LOW HITPOINT WARNING * * *
The wall freezes Prince Ribbit.
Prince Ribbit seems to slow down.
Prince Ribbit barely misses you.
Unknown command.
A red film seems to cover your vision as you go berserk!
You feel yourself moving faster!
You feel mighty!
The wall freezes Harold!
Harold hits you with a +0 war axe!!
You die...

... ... ...
#.# #
#.###.##.#
#....@F..#
###@###
#....<#
#.....####..
#...........
#...>.####..
#.....#
#######


You could see Harold (very poisoned) and Prince Ribbit (slow).

Vanquished Creatures
  An unseen horror (D:6)
  2 hornets (D:7)
  Eustachio (D:4)
  5 water moccasins
  2 ice beasts
  7 ogres
  A kobold brigand (D:7)
  A phantom (D:5)
  A bullfrog (D:7)
  5 scorpions
  A howler monkey (D:6)
  A centaur zombie (D:5)
  Crazy Yiuf (D:4)
  An orc priest (D:7)
  A bullfrog zombie (D:4)
  A hound (D:6)
  A jelly (D:7)
  2 bullfrog skeletons
  A centaur skeleton (D:5)
  Jessica (D:3)
  A gnoll shaman (D:5)
  3 iguanas (D:5)
  4 orc wizards
  2 killer bee zombies
  2 hound skeletons
  Robin (D:4)
  19 gnolls
  4 adders
  A shadow imp (D:5)
  An ufetubus (D:5)
  An adder skeleton (D:4)
  A worm (D:4)
  3 dart slugs
  13 orcs
  6 endoplasms
  4 giant cockroaches
  10 goblins
  7 hobgoblins
  2 jackals (D:1)
  3 quokkas
  4 ball pythons
  5 bats
  2 frilled lizards
  9 kobolds
  4 rats
  A spectral orc (D:5)
150 creatures vanquished.

Notes
Turn   | Place    | Note
-------+----------+-------------------------------------------
     0 | D:1      | pkoi the Draconian Ice Elementalist began the quest for the
                  | Orb.
     0 | D:1      | Reached XP level 1. HP: 14/14 MP: 3/3
   340 | D:1      | Reached XP level 2. HP: 13/20 MP: 0/5
  1533 | D:2      | Reached skill level 5 in Ice Magic
  1537 | D:2      | Reached XP level 3. HP: 26/26 MP: 2/6
  1616 | D:2      | Learned a level 3 spell: Frozen Ramparts
  1749 | D:2      | You fall into a shaft and drop 2 floors!
  1749 | D:4      | Noticed Robin
  1811 | D:4      | Reached XP level 4. HP: 30/33 MP: 7/7
  1856 | D:4      | Reached skill level 6 in Ice Magic
  1874 | D:4      | Reached XP level 5. HP: 20/38 MP: 4/8
  1984 | D:4      | Killed Robin
  2247 | D:4      | Noticed Eustachio
  2258 | D:4      | Killed Eustachio
  2259 | D:4      | Reached skill level 7 in Ice Magic
  2259 | D:4      | Reached XP level 6. HP: 31/45 MP: 0/9
  2787 | D:4      | Found a runed translucent door.
  2788 | D:4      | Noticed Crazy Yiuf
  2797 | D:4      | Killed Crazy Yiuf
  3094 | D:4      | Reached skill level 8 in Ice Magic
  3238 | D:4      | Learned a level 2 spell: Blink
  3630 | D:3      | Noticed Jessica
  3637 | D:3      | Killed Jessica
  3697 | D:3      | Found a white marble altar of Elyvilon.
  3971 | D:3      | Found a bloodstained altar of Trog.
  4069 | D:3      | Reached skill level 1 in Translocations
  4075 | D:3      | Your scales start taking on a pale cyan-grey colour.
  4075 | D:3      | Reached XP level 7. HP: 47/50 MP: 7/10
  4075 | D:3      | Gained mutation: You are immune to the effects of steam.
                  | [Pale Draconian growth]
  4131 | D:3      | Found a faded altar of an unknown god.
  4529 | D:2      | Identified the +1 robe "Kis Hiri" {rPois Will+ Dex-2}
  4789 | D:5      | Entered Level 5 of the Dungeon
  4789 | D:5      | Found a shimmering altar of Xom.
  5368 | D:5      | Found a shimmering blue altar of Sif Muna.
  5378 | D:5      | Became a worshipper of Sif Muna the Loreminder
  5436 | D:5      | Found a hazy altar of Hepliaklqana.
  5485 | D:5      | Reached skill level 9 in Ice Magic
  5485 | D:5      | Reached XP level 8. HP: 56/57 MP: 8/12
  5490 | D:5      | Learned a level 4 spell: Hailstorm
  5749 | D:5      | Reached skill level 1 in Conjurations
  5982 | D:5      | Found a staircase to the Ecumenical Temple.
  5999 | Temple   | Entered the Ecumenical Temple
  6612 | D:6      | Reached skill level 1 in Invocations
  7085 | D:6      | Reached skill level 5 in Translocations
  7405 | D:6      | Killed an unseen horror
  7406 | D:6      | Reached XP level 9. HP: 7/62 MP: 9/13
  7694 | D:6      | Learned a level 3 spell: Ozocubu's Armour
  7760 | D:6      | Reached skill level 10 in Ice Magic
  7955 | D:6      | Found an ornate altar of the Wu Jian Council.
  8506 | D:7      | Found Ixuseriu's Magic Scroll Boutique.
  8512 | D:7      | Bought a scroll of enchant armour for 82 gold pieces
  8706 | D:7      | Reached * piety under Sif Muna
  8815 | D:7      | Found Waun's Weapon Boutique.
  8885 | D:7      | Reached skill level 5 in Conjurations
  8885 | D:7      | Reached skill level 5 in Invocations
  9166 | D:7      | Found an iron altar of Okawaru.
  9178 | D:7      | Found Voextaer's Assorted Antiques.
  9186 | D:7      | Bought an embroidered scarf for 160 gold pieces
  9278 | D:7      | Found Vushan's Antique Weapon Emporium.
  9911 | D:7      | Found Saipn's Magic Scroll Emporium.
 10605 | D:8      | Noticed Harold
 10606 | D:8      | Noticed Prince Ribbit
 10612 | D:8      | Slain by Harold

Illustrated notes

Levels and vault maps discovered:
D:1:      mushboom_english_gardens, layout_loops_ring
D:2:      layout_loops_ring
D:3:      layout_loops_ring, mainiacjoe_overflow_six_doors_small,
          elyvilon_altar_3, shapermc_ecumenical_altar_mp_vishouse,
          bh_walls_and_bars, uniq_jessica
D:4:      nicolae_cairo_tiling_large_dashed, layout_basic, serial_corexii_hall,
          corexii_hall_statues_i, corexii_hall_statues_x,
          chequers_hall_statues_y, chequers_hall_statues_corner_a,
          corexii_hall_statues_t, corexii_hall_statues_l,
          uniq_crazy_yiuf_cottage, uniq_eustachio, uniq_robin
D:5:      layout_loops_ring, nicolae_hepliaklqana_monster_ancestors,
          mainiacjoe_overflow_catwalk, overflow_temple_1_default,
          minmay_temple_entry_stoned_glass, minmay_crystal_room,
          grunt_ministairs_10
D:6:      layout_rooms, pdpol_wu_jian_five_deadly_venoms,
          minmay_misc_feat_four_crosses
D:7:      layout_layer_cave, mainiacjoe_overflow_concentric_impassable,
          serial_shops, nicolae_shop_overgrown_old_shop,
          nicolae_shop_behind_doors, nicolae_lakefront_shop, shop, shop,
          kennysheep_generic_room_4
D:8:      layout_loops_corners, pf_just_have_faith, lair_entry_dummy,
          minmay_misc_feat_square, uniq_erica, uniq_pikel, uniq_prince_ribbit1,
          uniq_harold
Temple:   nicolae_temple_figure_eight

Skill      XL: |  1  2  3  4  5  6  7  8  9 |
---------------+----------------------------+-----
Ice Magic      | 5 6 7 8 9 10 | 10.7
Translocations | 1 3 5 |  5.0
Spellcasting   | 3 |  3.0
Conjurations   | 3 5 |  5.8
Invocations    | 3 5 |  5.9
Dodging        | |  1.7
Stealth        | |  1.7

Action                   |  1- 3 |  4- 6 |  7- 9 || total
-------------------------+-------+-------+-------++-------
Melee: Club              |    35 |    16 |       ||    51
       Tailslap          |     6 |    10 |    25 ||    41
       Unarmed           |     1 |       |       ||     1
       Short sword       |       |    67 |   165 ||   232
       Punch             |       |       |     1 ||     1
 Cast: Freeze            |    34 |     2 |       ||    36
       Frozen Ramparts   |     2 |     7 |    39 ||    48
       Ozocubu's Armour  |       |       |    10 ||    10
 Abil: Breathe Steam     |       |       |    12 ||    12
  Use: Scroll            |       |       |    15 ||    15
       Potion            |       |       |     1 ||     1
 Stab: Sleeping          |     1 |     2 |     1 ||     4
Armor: Skin              |    28 |    25 |    66 ||   119
Dodge: Dodged            |    41 |    56 |   111 ||   208
